 Dungeon Crawl Stone Soup version 0.30.1-11-g7821555f0a (webtiles) character file.

Game seed: 7568669145633015472

425 Peloso the Slasher (level 6, -8/55 HPs)
             Began as a Minotaur Fighter on Dec 11, 2023.
             Mangled by an ogre
             ... wielding a +0 giant club
              (26 damage)
             ... on level 4 of the Dungeon.
             The game lasted 00:04:29 (3070 turns).

Peloso the Slasher (Minotaur Fighter)               Turns: 3070, Time: 00:04:30

Health: -8/55      AC:  8    Str: 21    XL:     6   Next: 64%
Magic:  5/5        EV: 10    Int:  5    God:
Gold:   185        SH:  4    Dex: 11    Spells: 5/5 levels left

rFire   . . .        a - +0 long sword
rCold   . . .        d - +0 buckler
rNeg    . . .        b - +0 scale mail
rPois   .            (helmet restricted)
rElec   .            (no cloak)
rCorr   .            (no gloves)
SInv    .            c - +0 pair of boots
Will    .....        (no amulet) Stlth
                     (no ring)
HPRegen 0.29/turn    (no ring)
MPRegen 0.09/turn

%: no passive effects
@: studying Polearms
A: horns 2, retaliatory headbutt
a: no special abilities


You were on level 4 of the Dungeon.
You visited 1 branch of the dungeon, and saw 4 of its levels.

You collected 185 gold pieces.

Inventory:

Hand Weapons
 a - a +0 long sword (weapon)
Armour
 b - a +0 scale mail (worn)
 c - a +0 pair of boots (worn)
 d - a +0 buckler (worn)
Jewellery
 m - a ring of willpower
Scrolls
 f - 4 scrolls of teleportation
 g - a scroll of fear {unknown}
 h - a scroll of poison {unknown}
 n - a scroll of acquirement {unknown}
Potions
 e - a potion of might
 i - a potion of haste {unknown}
 j - a potion of attraction {unknown}
 l - a potion of brilliance {unknown}


   Skills:
 + Level 4.8 Fighting
 + Level 5.8 Long Blades
 + Level 5.2 Armour
 + Level 2.4 Dodging
 + Level 0.2 Stealth
 + Level 4.3 Shields


You had 5 spell levels left.
You didn't know any spells.
Your spell library was empty.

Dungeon Overview and Level Annotations

Branches:
Dungeon (4/15)
 Temple: D:4-7

Altars:
Ashenzari
Elyvilon
Fedhas

Annotations:
D:1 1 runed translucent door
D:3 3 runed translucent doors, ratatoskos's ghost, amateur TrGl


Innate Abilities, Weirdness & Mutations

You have a pair of horns on your head.
You reflexively headbutt those who attack you in melee.


Message History

You kill the orc!
You block the bullfrog's attack.
You slash the bullfrog! Your headbutt misses the bullfrog.
The bullfrog is heavily wounded.
The bullfrog hits you but does no damage.
You hit the bullfrog.
The bullfrog is severely wounded.
The bullfrog hits you but does no damage.
The bullfrog hits you.
You hit the bullfrog.
The bullfrog is severely wounded.
The bullfrog hits you.
The bullfrog hits you but does no damage.
You hit the bullfrog.
The bullfrog is almost dead.
You block the bullfrog's attack.
The bullfrog hits you but does no damage.
You closely miss the bullfrog.
The bullfrog is almost dead.
You hear a shout!
The bullfrog hits you but does no damage.
You hit the bullfrog.
You kill the bullfrog!
An ogre comes into view. It is wielding a +0 giant club.
You slash the ogre!
The ogre is moderately wounded.
The ogre hits you with a +0 giant club!!
You hit the ogre but do no damage.
You headbutt the ogre, but do no damage.
The ogre is moderately wounded.
The ogre hits you with a +0 giant club!
You hit the ogre but do no damage.
The ogre is moderately wounded.
You hear a shout!
The ogre hits you with a +0 giant club!
* * * LOW HITPOINT WARNING * * *
You feel better.
You feel better.
The ogre hits you with a +0 giant club!!
You die...

.... #.# ##...
#.# ##.. #.#
#... #.# #.##
#..# #.### #.##
####...O##..#
##....###@#..#
.........##..#
.............##
..............#
.............<##
...............#
...............#
..............##
...........(..#


You could see an ogre.

Vanquished Creatures
  A water moccasin (D:4)
  A phantom (D:4)
  A bullfrog (D:4)
  A hound (D:4)
  7 adders
  3 dart slugs
  10 orcs
  11 ball pythons
  6 endoplasms
  A giant cockroach (D:3)
  5 goblins
  7 hobgoblins
  3 kobolds
  5 quokkas
  5 bats
  A frilled lizard (D:2)
  4 rats
72 creatures vanquished.

Notes
Turn   | Place    | Note
-------+----------+-------------------------------------------
     0 | D:1      | Peloso the Minotaur Fighter began the quest for the Orb.
     0 | D:1      | Reached XP level 1. HP: 19/19 MP: 0/0
     1 | D:1      | Found a runed translucent door.
   127 | D:1      | Reached XP level 2. HP: 24/27 MP: 1/1
   666 | D:2      | Reached XP level 3. HP: 33/33 MP: 2/2
   762 | D:2      | Reached skill level 1 in Dodging
   963 | D:2      | Found a faded altar of an unknown god.
  1094 | D:2      | Reached XP level 4. HP: 39/40 MP: 3/3
  1815 | D:3      | Found a blossoming altar of Fedhas.
  1815 | D:3      | Found a broken altar of Ashenzari.
  1873 | D:3      | Found a white marble altar of Elyvilon.
  2265 | D:3      | Noticed ratatoskos's ghost (amateur TrGl)
  2267 | D:3      | Found a runed translucent gate.
  2268 | D:3      | Found a runed translucent gate.
  2268 | D:3      | Found a runed translucent gate.
  2380 | D:3      | Reached XP level 5. HP: 46/46 MP: 4/4
  2552 | D:4      | Noticed a phantom
  2585 | D:4      | Killed a phantom
  2586 | D:4      | Reached skill level 5 in Long Blades
  2760 | D:4      | Noticed a water moccasin
  2781 | D:4      | Killed a water moccasin
  2782 | D:4      | Reached skill level 5 in Armour
  2782 | D:4      | Reached XP level 6. HP: 26/53 MP: 5/5
  3070 | D:4      | Mangled by an ogre

Illustrated notes

Levels and vault maps discovered:
D:1:      dpeg_arrival_caged_fury, layout_loops_ring, serial_park_tiny_pond,
          serial_park_tiny_1
D:2:      layout_basic, ebering_ecumenical_altar_webs
D:3:      layout_basic, mainiacjoe_overflow_catwalk,
          nicolae_overflow_two_pavilions, gammafunk_ghost_split,
          nicolae_eternal_life, amethyst_killhole
D:4:      layout_cave_pods, minmay_manual_maat

Skill      XL: |  1  2  3  4  5 |
---------------+----------------+-----
Armour         | 4 5 |  5.2
Long Blades    | 3 4 5 |  5.8
Dodging        | 1 2 |  2.4
Fighting       | 4 |  4.8
Shields        | 4 |  4.3
Stealth        | |  0.2

Action                     |  1- 3 |  4- 6 || total
---------------------------+-------+-------++-------
  Melee: Long sword        |    80 |   112 ||   192
         Headbutt          |     6 |    11 ||    17
    Use: Potion            |     1 |     5 ||     6
         Scroll            |       |     1 ||     1
 Armour: Scale mail        |    46 |    43 ||    89
  Dodge: Dodged            |    55 |    60 ||   115
  Block: Buckler           |       |    24 ||    24
